AoeStats
← MacLaurin73

Arabia

504072854Analyzed
1v1 RM · 27d ago on Sep 3, 2026· 40m 0s· 2 players
Game mode
Random Map
Map size
Tiny (2 player)
Population
200
Speed
Normal
Resources
Standard
Victory
Conquest
Starting age
Dark Age
Ending age
Imperial Age
RankedLock teamsTeams togetherTeam positionsShared explorationLock speedFull tech treeHidden civsTurbo modeCheats
Victory
Defeat
🇦🇷 Jurchens · Argentina
1416
+15
🇧🇷 Ethiopians · Brazil
1396
-15
vatreides1
6:33 Loom
9:13 Feudal Age
9:59 Double-Bit Axe
12:01 Fletching
18:11 Padded Archer Armor
24:52 Castle Age
24:07 Gold Mining
25:30 Bodkin Arrow
24:56 Crossbowman
27:02 Leather Archer Armor
27:09 Town Watch
28:51 Thumb Ring
30:30 Ballistics
31:23 Wheelbarrow
35:10 Guard Tower
MacLaurin73
6:35 Loom
9:14 Feudal Age
10:11 Double-Bit Axe
12:09 Horse Collar
20:55 Castle Age
19:59 Padded Archer Armor
23:26 Gold Mining
26:04 Town Watch
26:55 Wheelbarrow
26:51 Leather Archer Armor
29:17 Siege Engineers
Connection lost

Rejoining the realm…

Still unreachable

The connection could not be restored.

Session expired

The server has moved on; the page needs a fresh start.